 Dungeon Crawl Stone Soup version 0.29.0-4-gdea44cf6ec (webtiles) character file.

Game seed: 14035946637251697553

4663 Zeldest the Grappler (level 10, -1/100 HPs)
             Began as a Troll Delver on Aug 27, 2022.
             Slain by a water moccasin (3 damage)
             ... on level 8 of the Dungeon.
             The game lasted 00:06:20 (3934 turns).

Zeldest the Grappler (Troll Delver)                 Turns: 3934, Time: 00:06:21

Health: -1/100     AC:  6    Str: 26    XL:     10   Next: 20%
Magic:  9/9        EV: 15    Int:  6    God:
Gold:   279        SH:  0    Dex: 11    Spells: 9/9 levels left

rFire   + . .      SeeInvis .     - Unarmed
rCold   + . .      Faith    .   (no shield)
rNeg    . . .      Spirit   .   o - +2 robe {rC+ rF+}
rPois   .          Reflect  .   (helmet restricted)
rElec   .          Harm     .   (no cloak)
rCorr   +          Rampage  .   (gloves unavailable)
Will    .....                   (boots unavailable)
Stlth   +++.......              (no amulet)
HPRegen 1.06/turn               u - +4 ring of evasion
MPRegen 0.11/turn               v - ring of resist corrosion

@: lethally poisoned (-1 -> -5)
A: large, unfitting armour, claws 3, regeneration 1, shaggy fur 1, tough skin 1
a: no special abilities


You were on level 8 of the Dungeon.
You visited 2 branches of the dungeon, and saw 7 of its levels.

You collected 279 gold pieces.

Inventory:

Armour
 o - a +2 robe of resistance (worn)
 p - +1 steam dragon scales
Jewellery
 u - a +4 ring of evasion (left claw)
 v - a ring of resist corrosion (right claw)
Wands
 e - a wand of light (15)
 f - a wand of digging (3)
Scrolls
 b - a scroll of fog
 c - 4 scrolls of magic mapping
 d - 3 scrolls of fear
 g - a scroll of summoning {unknown}
 j - a scroll of noise {unknown}
 l - 6 scrolls of identify {unknown}
 m - 2 scrolls of butterflies {unknown}
 q - 2 scrolls of teleportation {unknown}
 t - a scroll of immolation {unknown}
 w - a scroll of enchant armour {unknown}
Potions
 a - a potion of invisibility {unknown}
 h - a potion of resistance {unknown}
 i - a potion of might {unknown}
 k - a potion of brilliance {unknown}
 n - 2 potions of attraction {unknown}
 r - a potion of magic {unknown}
 s - a potion of heal wounds {unknown}


   Skills:
 + Level 6.8 Fighting
 + Level 0.4 Armour
 - Level 6.4 Dodging
 - Level 4.7 Stealth
 * Level 9.0 Unarmed Combat


You had 9 spell levels left.
You didn't know any spells.
Your spell library contained the following spells:

 Spells                   Type           Power      Damage    Failure   Level
 Gell's Gravitas          Tloc           0%         N/A       83%         3
 Teleport Other           Tloc           0%         N/A       83%         3
 Summon Ice Beast         Ice/Summ       0%         N/A       99%         4
 Summon Mana Viper        Hex/Summ       0%         N/A       100%        5
 Dispersal                Tloc           0%         N/A       100%        6
 Monstrous Menagerie      Summ           0%         N/A       100%        7


Dungeon Overview and Level Annotations

Branches:
Dungeon (9/15)             Temple (1/1) D:6
   Lair: D:8-11         Orc: D:9-12

Altars:
Ashenzari
Cheibriados
Dithmenos
Elyvilon
Fedhas
Gozag
Hepliaklqana
Kikubaaqudgha
Makhleb
Okawaru
Qazlal
Ru
Sif Muna
Trog
Xom
Yredelemnul
Zin
The Shining One

Annotations:
D:7 2 transporters, greasedhog's ghost, novice GrWn


Innate Abilities, Weirdness & Mutations

You are too large for most types of armour.
You have claws for hands.
Your natural rate of healing is unusually fast.
You are covered in fur. (AC +1)
You have tough skin. (AC +1)


Message History

The water moccasin is heavily wounded.
The water moccasin bites you but does no damage.
The water moccasin completely misses you.
You scratch the water moccasin.
The water moccasin is severely wounded.
The water moccasin closely misses you.
You completely miss the water moccasin.
The water moccasin is severely wounded.
The water moccasin bites you but does no damage.
You closely miss the water moccasin.
The water moccasin is severely wounded.
The water moccasin bites you!
* * * LOW HITPOINT WARNING * * *
You are poisoned.
The water moccasin poisons you!
You barely miss the water moccasin.
The water moccasin is severely wounded.
You feel very sick.
The water moccasin completely misses you.
You scratch the water moccasin.
The water moccasin is almost dead.
You feel sick. The water moccasin closely misses you.
You barely miss the water moccasin.
The water moccasin is almost dead.
You feel sick. The water moccasin barely misses you.
You closely miss the water moccasin.
The water moccasin is almost dead.
You feel sick.
The water moccasin barely misses you. x2
You closely miss the water moccasin.
The water moccasin is almost dead.
You feel sick. The water moccasin bites you.
* * * LOW HITPOINT WARNING * * *
You are lethally poisoned!
The water moccasin poisons you!
You scratch the water moccasin.
The water moccasin is almost dead.
* * * LOW HITPOINT WARNING * * *
You feel very sick. The water moccasin bites you.
You die...

#.........#...
#.........'...
#.........###'
#.........# #.
#.........###.
####...........
##....#########.
###..##.#########.
#@S.....#.......#.
#####.#.#.#####...
#######...).#...#...#...
#...........#...#.#.....
#.#######...#.....####..
#.# #####.#......... #.#
#.#.#.###... #.#
#.#.#.###... #.#
#.#<#.....#'


You could see a water moccasin.

Vanquished Creatures
  Maggie (D:7)
  A troll (D:7)
  Sigmund (D:4)
  A vampire (D:9)
  5 yaks (D:8)
  A wyvern (D:8)
  Eustachio (D:4)
  A steam dragon (D:7)
  Menkaure (D:4)
  A warg (D:9)
  An acid dragon (D:7)
  Duvessa (D:7)
  2 sky beasts
  3 black bears
  2 ice beasts (D:7)
  2 orc warriors (D:8)
  3 ogres
  A phantom (D:4)
  A centaur (D:7)
  A necrophage (D:7)
  2 bullfrogs
  3 scorpions
  Dowan (D:7)
  5 killer bees (D:8)
  A howler monkey (D:5)
  A hound (D:5)
  2 jellies
  2 orc priests
  3 iguanas
  2 orc wizards
  3 adders
  3 gnolls
  A shadow imp (D:5)
  3 worms
  2 dart slugs (D:5)
  13 orcs
  A goblin (D:4)
  A quokka (D:5)
80 creatures vanquished.

Vanquished Creatures (others)
  An orc (D:6)
  6 plants (D:6)
7 creatures vanquished.

Grand Total: 87 creatures vanquished

Notes
Turn   | Place    | Note
-------+----------+-------------------------------------------
     0 | D:5      | Zeldest the Troll Delver began the quest for the Orb.
     0 | D:5      | Reached XP level 1. HP: 22/22 MP: 0/0
   121 | D:4      | Noticed a phantom
   127 | D:4      | Killed a phantom
   128 | D:4      | Reached XP level 2. HP: 31/31 MP: 1/1
   128 | D:4      | Reached XP level 3. HP: 37/37 MP: 2/2
   128 | D:4      | Reached XP level 4. HP: 45/45 MP: 3/3
   288 | D:4      | Noticed Eustachio
   313 | D:4      | Killed Eustachio
   314 | D:4      | Reached skill level 3 in Unarmed Combat
   314 | D:4      | Reached XP level 5. HP: 20/53 MP: 4/4
   512 | D:4      | Noticed Menkaure
   520 | D:4      | Killed Menkaure
   521 | D:4      | Reached XP level 6. HP: 51/62 MP: 5/5
   638 | D:4      | Noticed Sigmund
   652 | D:4      | Killed Sigmund
   653 | D:4      | Reached skill level 4 in Unarmed Combat
   653 | D:4      | Reached XP level 7. HP: 59/70 MP: 6/6
  1232 | D:5      | Reached XP level 8. HP: 57/79 MP: 7/7
  1239 | D:5      | Reached skill level 5 in Unarmed Combat
  1290 | D:5      | Found a bloodstained altar of Trog.
  1587 | D:5      | Reached skill level 5 in Fighting
  1683 | D:6      | Found a staircase to the Ecumenical Temple.
  1707 | Temple   | Entered the Ecumenical Temple
  2115 | D:7      | Noticed Maggie
  2128 | D:7      | Killed Maggie
  2158 | D:7      | Noticed a moth of wrath
  2175 | D:7      | Reached skill level 5 in Dodging
  2175 | D:7      | Reached skill level 6 in Unarmed Combat
  2188 | D:7      | Noticed a troll
  2207 | D:7      | Killed a troll
  2208 | D:7      | Reached XP level 9. HP: 31/88 MP: 8/8
  2387 | D:7      | Reached skill level 7 in Unarmed Combat
  2487 | D:7      | Found a bloodstained altar of Trog.
  2488 | D:7      | Noticed greasedhog's ghost (novice GrWn)
  2494 | D:7      | Found a transporter.
  2497 | D:7      | Found a transporter.
  2657 | D:7      | Noticed Duvessa
  2658 | D:7      | Noticed Dowan
  2664 | D:7      | Killed Duvessa
  2676 | D:7      | Killed Dowan
  3299 | D:8      | Found a white marble altar of Elyvilon.
  3324 | D:8      | Reached skill level 8 in Unarmed Combat
  3423 | D:8      | Reached XP level 10. HP: 85/100 MP: 9/9
  3915 | D:9      | Reached skill level 9 in Unarmed Combat
  3933 | D:8      | HP: 4/100 [water moccasin (2)]
  3934 | D:8      | Slain by a water moccasin

Illustrated notes

Levels and vault maps discovered:
D:4:      layout_basic, uniq_sigmund, uniq_menkaure, uniq_eustachio
D:5:      layout_basic, trog_ov_bears_minmay
D:6:      layout_loops_ring, minmay_temple_entry_wispy, serial_bayou,
          serial_bayou_ford_a, serial_bayou_shore_a, serial_bayou_pond_e,
          serial_bayou_lake_a, nicolae_figureground_pulse
D:7:      layout_gridville, gammafunk_ghost_wrathful_warriors,
          minmay_chambers_of_fives, uniq_maggie, uniq_duvessa
D:8:      layout_basic, mainiacjoe_overflow_brackets, kennysheep_generic_room_3
D:9:      layout_cave_pools, amcnicky_altar_gilded, minmay_orc_entry_guard_dogs,
          uniq_joseph
Temple:   regret_index_temple_sphere_string

Skill      XL: |  1  2  3  4  5  6  7  8  9 10 |
---------------+-------------------------------+-----
Fighting       | 3 4 5 6 |  6.8
Dodging        | 2 3 4 5 6 |  6.4
Stealth        | 3 4 |  4.7
Unarmed Combat | 3 4 6 8 9 |  9.0
Armour         | |  0.4

Action                   |  1- 3 |  4- 6 |  7- 9 | 10-12 || total
-------------------------+-------+-------+-------+-------++-------
Melee: Unarmed           |    16 |    44 |   274 |    44 ||   378
       Punch             |       |     1 |     5 |     2 ||     8
  Use: Potion            |       |       |     2 |       ||     2
 Stab: Sleeping          |       |       |     3 |     1 ||     4
Armor: Robe              |     2 |    11 |   112 |    12 ||   137
Dodge: Dodged            |     5 |    32 |   179 |    36 ||   252
